 Dungeon Crawl Stone Soup version 0.22-a0-322-g60b3cfd402 (webtiles) character file.

265 Banto the Chiller (level 6, 0/36 HPs)
             Began as an Octopode Ice Elementalist on Apr 5, 2018.
             Slain by an adder skeleton (2 damage)
             ... on level 5 of the Dungeon.
             The game lasted 00:05:10 (3612 turns).

Banto the Chiller (Octopode Ice Elementalist)       Turns: 3612, Time: 00:05:11

Health: 0/36       AC: -3    Str:  8    XL:     6   Next: 20%
Magic:  8/9        EV: 13    Int: 19    God:
Gold:   151        SH:  0    Dex: 15    Spells: 3/9 levels left

rFire    . . .     SeeInvis .   c - +0 short sword (venom)
rCold    . . .     Gourm    .   (no shield)
rNeg     . . .     Faith    .   (helmet restricted)
rPois    .         Spirit   .   (no amulet)
rElec    .         Reflect  .   a - +3 ring of dexterity
rCorr    .         Harm     .   (no ring)
MR       .....                  (no ring)
Stlth    ++++......             (no ring)
HPRegen  0.12/turn              (no ring)
MPRegen  0.11/turn              (no ring)
                                (no ring)
                                (no ring)

@: corroded
A: almost no armour, stealthy swim, amphibious, 8 rings, constrict 8, camouflage
1, gelatinous body 1
a: no special abilities


You were on level 5 of the Dungeon.
You were hungry.

You visited 1 branch of the dungeon, and saw 5 of its levels.

You collected 151 gold pieces.

Inventory:

Hand Weapons
 c - a +0 short sword of venom (weapon)
 k - a +0 rapier of draining
Jewellery
 a - a +3 ring of dexterity (left tentacle)
Potions
 e - a potion of lignification {unknown}
 f - a potion of degeneration {unknown}
 g - 2 potions of agility
 h - 2 potions of haste
 i - 3 potions of curing {unknown}
 j - 2 potions of resistance {unknown}
Comestibles
 b - 7 rations


   Skills:
 - Level 2.0 Dodging
 - Level 4.8 Stealth
 - Level 2.0 Spellcasting
 + Level 1.7 Conjurations
 + Level 1.3 Charms
 * Level 5.6 Ice Magic


You had 3 spell levels left.
You knew the following spells:

 Your Spells              Type           Power        Failure   Level  Hunger
a - Freeze                Ice            ###.         1%          1    #......
b - Throw Frost           Conj/Ice       ###...       5%          2    ###....
c - Ozocubu's Armour      Chrm/Ice       ###.....     12%         3    ###....


Dungeon Overview and Level Annotations

Branches:
Dungeon (5/15)
 Temple: D:4-7

Altars:

Annotations:
D:4 Sigmund


Innate Abilities, Weirdness & Mutations

You cannot wear most types of armour.
You are very stealthy in the water. (Stealth+)
You are amphibious.
You can wear up to eight rings at the same time.
You can use your tentacles to constrict eight enemies at once.
Your skin changes colour to match your surroundings (Stealth+).
Your rubbery body absorbs attacks. (AC +1, EV +1)


Message History

Press: ? - help, Shift-Dir - straight line, f - Ijyb
Aim: Ijyb, wielding a club, wearing a ring mail and carrying a wand of acid (6) (severely wounded, poisoned)
You freeze Ijyb.
Ijyb is almost dead.
You kill Ijyb!
You now have 8/9 mp.
You hit the adder skeleton. Your grab misses the adder skeleton.
The adder skeleton is moderately damaged.
The adder skeleton bites you.
* * * LOW HITPOINT WARNING * * *
You take 1 damage, and have 4/36 hp.
You barely miss the adder skeleton. Your grab misses the adder skeleton.
You squeeze the adder skeleton.
The adder skeleton is heavily damaged.
The adder skeleton bites you.
* * * LOW HITPOINT WARNING * * *
You take 2 damage, and have 2/36 hp.
Okay, then.
The adder skeleton bites you.
You die...

#..........
#..........
#........#
+........#
#........#
#........#
####+##........#
.........<.....#
.......@Z...)..#
.......#+###.....#
[...... #.....#
....... #.$...+
....... #.....#
..##### #.....# .
#.....# #.....#


You could see an adder skeleton.

Vanquished Creatures
  Ijyb (D:5)
  Natasha (twice) (D:2)
  An orc wizard (D:3)
  3 gnolls
  3 adders (D:2)
  An ooze (D:2)
  3 dart slugs
  2 leopard geckos (D:2)
  6 orcs
  4 giant cockroaches
  10 goblins
  11 hobgoblins
  6 jackals
  8 kobolds
  A quokka (D:2)
  11 bats
  10 frilled lizards
  14 rats
97 creatures vanquished.

Notes
Turn   | Place    | Note
-------+----------+-------------------------------------------
     0 | D:1      | Banto the Octopode Ice Elementalist began the quest for the Orb.
     0 | D:1      | Reached XP level 1. HP: 11/11 MP: 3/3
   333 | D:1      | Reached XP level 2. HP: 15/17 MP: 0/5
   958 | D:1      | Reached XP level 3. HP: 21/21 MP: 6/6
  1607 | D:2      | Noticed Natasha
  1614 | D:2      | Killed Natasha
  1614 | D:2      | Reached skill level 4 in Ice Magic
  1645 | D:2      | Reached XP level 4. HP: 27/27 MP: 7/7
  2204 | D:2      | Noticed Natasha
  2223 | D:2      | Killed Natasha
  2223 | D:2      | Reached skill level 5 in Ice Magic
  2223 | D:2      | Reached XP level 5. HP: 28/31 MP: 2/8
  2288 | D:2      | Learned a level 2 spell: Throw Frost
  2292 | D:2      | Learned a level 3 spell: Ozocubu's Armour
  2976 | D:3      | Reached skill level 1 in Charms
  3151 | D:3      | Reached XP level 6. HP: 29/36 MP: 9/9
  3516 | D:4      | Noticed Sigmund
  3597 | D:5      | Entered Level 5 of the Dungeon
  3597 | D:5      | Noticed Ijyb
  3606 | D:5      | Killed Ijyb
  3612 | D:5      | Slain by an adder skeleton

Vault maps used:
D:1:      onia_arrival_handbag, nrook_mini_vaults, minivault_5
D:2:      uniq_natasha
D:4:      kennysheep_big_flooded_room, minmay_temple_entry_large_hall,
          uniq_sigmund, uniq_pikel
D:5:      first_ration, uniq_menkaure, uniq_ijyb

Skill      XL: |  1  2  3  4  5 |
---------------+----------------+-----
Stealth        | 3 4 |  4.8
Ice Magic      | 4 5 |  5.6
Charms         | 1 |  1.3
Dodging        | |  2.0
Spellcasting   | |  2.0
Conjurations   | |  1.7

Action                   |  1- 3 |  4- 6 || total
-------------------------+-------+-------++-------
Melee: Unarmed           |     6 |       ||     6
       Constrict         |    18 |    27 ||    45
       Club              |    32 |       ||    32
       Tentacles         |     6 |     8 ||    14
       Short sword       |    12 |    92 ||   104
 Cast: Freeze            |    14 |    34 ||    48
       Throw Frost       |       |     3 ||     3
       Ozocubu's Armour  |       |     2 ||     2
  Use: Scroll            |     2 |     5 ||     7
       Potion            |     2 |       ||     2
 Stab: Sleeping          |     6 |    17 ||    23
       Distracted        |     1 |       ||     1
  Eat: Chunk             |     2 |     7 ||     9
Armor: Skin              |     6 |     9 ||    15
Dodge: Dodged            |    44 |    67 ||   111

Table legend:
 A = Spawn XP
 B = Non-spawn XP
 C = Spawn XP percentage of total XP
 D = Spawn monster count
 E = Non-spawn monster count
 F = Spawn count percentage of total count
 G = Total turns spent on level
                    A         B        C        D         E        F      G
               +---------+---------+-------+---------+---------+-------+---------
         Total |       0 |     379 |   0.0 |       0 |      97 |   0.0 |  3612
               +---------+---------+-------+---------+---------+-------+---------
           D:1 |       0 |      45 |   0.0 |       0 |      29 |   0.0 |  1604
           D:2 |       0 |     183 |   0.0 |       0 |      35 |   0.0 |  1147
           D:3 |       0 |     114 |   0.0 |       0 |      31 |   0.0 |   746
           D:4 |       0 |       2 |   0.0 |       0 |       1 |   0.0 |   100
           D:5 |       0 |      35 |   0.0 |       0 |       1 |   0.0 |    15
               +---------+---------+-------+---------+---------+-------+---------

Table legend:
 A = Turns spent in this place as a percentage of turns spent in the entire game.
 B = Non-inter-level travel turns spent in this place as a percentage of non-inter-level travel turns spent in the entire game.
 C = Inter-level travel turns spent in this place as a percentage of turns spent in this place.
 D = Turns resting spent in this place as a percentage of non-inter-level travel turns spent in this place.
 E = Turns spent auto-exploring this place as a percentage of non-inter-level travel turns spent in this place.
 F = Non-inter-level travel turns spent in this place divided by the number of levels of this place that you've seen.
                   A       B       C       D       E      F
               +-------+-------+-------+-------+-------+----------------------
         Total | 100.0 | 100.0 |   2.4 |  37.5 |  40.1 | 705.0
       Dungeon | 100.0 | 100.0 |   2.4 |  37.5 |  40.1 | 705.0
               +-------+-------+-------+-------+-------+----------------------

Table legend:
 A = Kills in this place as a percentage of kills in entire the game.
 B = Kills by you in this place as a percentage of kills by you in the entire game.
 C = Kills by friends in this place as a percentage of kills by friends in the entire game.
 D = Other kills in this place as a percentage of other kills in the entire game.
 E = Experience gained in this place as a percentage of experience gained in the entire game.
 F = Experience gained in this place divided by the number of levels of this place that you have seen.
                   A       B       C       D       E      F
               +-------+-------+-------+-------+-------+----------------------
         Total | 100.0 | 100.0 |   N/A |   N/A | 100.0 |  75.8
       Dungeon | 100.0 | 100.0 |   N/A |   N/A | 100.0 |  75.8
               +-------+-------+-------+-------+-------+----------------------
